cohdb
Replays
Latest Replays
All Replays
Popular Replays
Top Player Replays
Match Explorer
How It Works
Community
CoH3 Stats
Reddit
Sign in to upload your games and track your stats! →
Sign in with Steam
Match 45502044
Unlisted
Match 45502044
Overview
Messages
Build Orders
End
Construct Infanterie Kompanie
Selects Luftwaffe Battlegroup
Selects Luftwaffe Pioneer Support
MG 42 Machine Gun Team
Grenadier Squad
Grenadier Squad
Grenadier Squad
Construct Luftwaffe Kompanie
Medical Station
Selects Stuka Strafing Run
Stuka Strafing Run
Support Elements
Stuka Strafing Run
Wirbelwind Flakpanzer
Selects Fallschirmjäger Squad Paradrop
Stuka Strafing Run
Jäger Squad
Construct Panzergrenadier Kompanie
Selects Fragmentation Bombs
Nebelwerfer 42 Rocket Launcher Team
Stuka Strafing Run
Grenadier Squad
Fragmentation Bombs
Selects LG40 Recoilless Gun Paradrop
Construct Panzer Kompanie
Side Skirts
Stuka Strafing Run
Fragmentation Bombs
Grenadier Squad
Stuka Strafing Run
Panzer IV Medium Tank
Pioneer Squad
Panzer IV Medium Tank
Grenadier Squad
Stuka Strafing Run
Master of Panzers
Sad Pepe
0
0
Comments
sign in to comment!
No comments posted yet!